 Dungeon Crawl Stone Soup version 0.31-a0-174-g85c54bcb58 (webtiles) character file.

Game seed: 17861893266956947339

86 qw the Shooter (level 4, -1/28 HPs)
             Began as a Gargoyle Hunter on June 15, 2023.
             Slain by Grinder (2 damage)
             ... on level 3 of the Dungeon.
             The game lasted 00:00:41 (1793 turns).

qw the Shooter (Gargoyle Hunter)                    Turns: 1793, Time: 00:00:42

Health: -1/28      AC:  6    Str: 14    XL:     4   Next: 49%
Magic:  4/4        EV: 11    Int: 10    God:
Gold:   55         SH:  0    Dex: 15    Spells: 3/3 levels left

rFire   . . .        Y - +0 shortbow
rCold   . . .        (shield currently unavailable)
rNeg    + . .        c - +0 leather armour
rPois   inf          (no helmet)
rElec   +            (no cloak)
rCorr   .            (no gloves)
SInv    .            (no boots)
Will    .....        (no amulet)
Stlth   ++           (no ring)
HPRegen 0.24/turn    (no ring)
MPRegen 0.09/turn

%: no passive effects
@: about to teleport
A: sickness immunity, AC +3, negative energy resistance 1, electricity
resistance, torment resistance 1, petrification resistance
a: no special abilities


You were on level 3 of the Dungeon.
You visited 1 branch of the dungeon, and saw 3 of its levels.

You collected 55 gold pieces.


Innate Abilities, Weirdness & Mutations

You are immune to sickness and miasma.
Your stone body is resilient. (AC +3)
You are immune to poison.
You resist negative energy. (rN+)
You are resistant to electric shocks. (rElec)
You are resistant to unholy torment.
You are immune to petrification.


   Skills:
 - Level 3.0 Fighting
 + Level 5.4 Ranged Weapons
 - Level 1.5 Dodging
 - Level 1.1 Stealth


You had 3 spell levels left.
You didn't know any spells.
Your spell library was empty.

Inventory:

Hand Weapons
 Y - a +0 shortbow (weapon)
Armour
 c - a +0 leather armour (worn)
Scrolls
 b - 2 scrolls of identify
Potions
 a - a potion of cancellation {unknown}
 d - a potion of attraction
 e - 2 potions of haste

Dungeon Overview and Level Annotations

Branches:
Dungeon (3/15)

Altars:

Annotations:
D:3 Grinder


Message History

You shoot an arrow. The arrow barely misses Grinder.
The arrow hits the hobgoblin.
The hobgoblin is moderately wounded.
You shoot an arrow. The arrow closely misses Grinder.
The arrow barely misses the hobgoblin.
Grinder hits you.
You writhe in agony.
You shoot an arrow. The arrow closely misses Grinder.
The arrow hits the hobgoblin but does no damage.
The hobgoblin is moderately wounded.
Grinder hits you but does no damage. Grinder gestures at you.
Pain shoots through your body!
You shoot an arrow. The arrow closely misses Grinder.
The arrow hits the hobgoblin!
You kill the hobgoblin!
Grinder hits you.
You writhe in agony.
You shoot an arrow. The arrow completely misses Grinder.
Grinder misses you.
You shoot an arrow. The arrow hits Grinder.
Grinder is moderately wounded.
Grinder gestures at you.
You suddenly lose the ability to move!
Grinder hits you! Grinder hits you.
You writhe in agony.
Grinder hits you but does no damage.
You can move again.
You shoot an arrow. The arrow barely misses Grinder.
Grinder barely misses you.
You shoot an arrow. The arrow barely misses Grinder.
Grinder hits you but does no damage.
You shoot an arrow. The arrow closely misses Grinder.
Grinder gestures at you. Pain shoots through your body!
Grinder hits you but does no damage.
You shoot an arrow. The arrow barely misses Grinder.
Grinder hits you.
You writhe in agony.
1793 ||| READING scroll of teleportation.
As you read the scroll of teleportation, it crumbles to dust.
You feel strangely unstable. Grinder hits you.
You die...

#####
......##############
......5@...%......>#
......############.#####
..... #........... ....
#.####.##### ...


PPPPPPP##.# .. P...P.P...##### . .PPP.P.P........ ......P...#.#####
P.PPPPP.P.....# You could see Grinder.

Vanquished Creatures
  3 adders
  An ufetubus (D:3)
  A worm (D:3)
  A dart slug (D:1)
  An orc (D:3)
  3 ball pythons
  3 bats
  An endoplasm (D:1)
  A giant cockroach (D:1)
  3 goblins
  4 hobgoblins
  5 kobolds
  4 quokkas
  A frilled lizard (D:1)
  22 rats
  A spectral hobgoblin (D:2)
55 creatures vanquished.

Notes
Turn   | Place    | Note
-------+----------+-------------------------------------------
     0 | D:1      | qw the Gargoyle Hunter began the quest for the Orb.
     0 | D:1      | Reached XP level 1. HP: 12/12 MP: 1/1
     0 | D:1      | 0 ||| qw: Version: 0.2-a-29-g511e9b1
     0 | D:1      | 0 ||| qw: Game counter: 5499
     0 | D:1      | 0 ||| qw: Always use a shield: true
     0 | D:1      | 0 ||| qw: God list: Okawaru
     0 | D:1      | 0 ||| qw: Allow faded altars: false
     0 | D:1      | 0 ||| qw: Do Orc after D:15 true
     0 | D:1      | 0 ||| qw: Do second Lair branch before Depths: true
     0 | D:1      | 0 ||| qw: Lair rune preference: random
     0 | D:1      | 0 ||| qw: Plans: Normal, Zot:1-4, Slime:5, God:TSO, Crypt,
                  | Tomb, Abyss, Pan, Hells, Win
     0 | D:1      | 0 ||| PLANNING D:1-11
   243 | D:1      | Reached XP level 2. HP: 17/17 MP: 2/2
   868 | D:1      | 868 ||| READING scroll labelled ZOERGH DIBLO.
   869 | D:1      | 869 ||| READING 2 scrolls labelled XAFFOGONAD.
   872 | D:1      | 872 ||| READING 2 scrolls labelled NESAB XUULODDI.
   873 | D:1      | 873 ||| DROPPING scroll of butterflies.
   874 | D:1      | 874 ||| DROPPING scroll of noise.
  1070 | D:2      | Reached skill level 5 in Ranged Weapons
  1070 | D:2      | Reached XP level 3. HP: 21/21 MP: 3/3
  1189 | D:2      | Found a faded altar of an unknown god.
  1192 | D:2      | 1192 ||| Stepping ~*~*~tactically~*~*~ (water).
  1289 | D:2      | Reached skill level 3 in Fighting
  1299 | D:2      | Reached XP level 4. HP: 28/28 MP: 4/4
  1617 | D:2      | 1617 ||| READING scroll labelled SIOGOCZ CUPUGI.
  1618 | D:2      | 1618 ||| READING scroll labelled INUOSHREYSK.
  1619 | D:2      | 1619 ||| READING scroll labelled IREACZ NEMYSECS.
  1620 | D:2      | 1620 ||| READING 3 scrolls of identify.
  1620 | D:2      | 1620 ||| IDENTIFYING smoky cyan potion
  1661 | D:3      | 1661 ||| PLANNING SEWER
  1776 | D:3      | Noticed Grinder
  1785 | D:3      | Paralysed by Grinder for 4 turns
  1792 | D:3      | HP: 3/28 [Grinder (6)]
  1792 | D:3      | HP: 1/28 [Grinder (2)]
  1793 | D:3      | 1793 ||| READING scroll of teleportation.
  1793 | D:3      | Slain by Grinder

Levels and vault maps discovered:
D:1:      reono_arrival_mine, layout_loops_corners
D:2:      layout_basic, dreamdust_ecumenical_altar_drowned_temple,
          minmay_rat_hole
D:3:      cheibrodos_helix_gallery, layout_basic, cheibrodos_sewer_entry_bend,
          nrook_loot_triangle, minmay_hedge_maze, chequers_serial_rivers_room_b,
          uniq_grinder

Skill      XL: |  1  2  3 |
---------------+----------+-----
Ranged Weapons | 5 |  5.4
Fighting       | 3 |  3.0
Dodging        | |  1.5
Stealth        | |  1.1

Action                     |  1- 3 |  4- 6 || total
---------------------------+-------+-------++-------
   Fire: Shortbow          |   128 |    50 ||   178
    Use: Scroll            |     3 |     5 ||     8
 Armour: Leather armour    |    32 |     9 ||    41
  Dodge: Dodged            |    31 |     7 ||    38

Table legend:
 A = Non-vault XP
 B = Vault XP
 C = Vault XP percentage of total XP
 D = Non-vault monster count
 E = Vault monster count
 F = Vault count percentage of total count
                 A         B        C        D         E       F
            +---------+---------+-------+---------+---------+-------
      Total |      94 |      29 |  23.6 |      33 |      22 |  40.0
            +---------+---------+-------+---------+---------+-------
        D:1 |      30 |       0 |   0.0 |      16 |       0 |   0.0
        D:2 |      37 |      21 |  36.2 |      11 |      20 |  64.5
        D:3 |      27 |       8 |  22.9 |       6 |       2 |  25.0
            +---------+---------+-------+---------+---------+-------
